 Dungeon Crawl Stone Soup version 0.23-b1-49-g13d5857 (webtiles) character file.

Game seed: 9885574797674829389

207 Tiagovsky the Shield-Bearer (level 5, -3/50 HPs)
             Began as a Deep Dwarf Fighter on Feb 3, 2019.
             Slain by Menkaure (14 damage)
             ... on level 4 of the Dungeon.
             The game lasted 00:10:22 (2709 turns).

Tiagovsky the Shield-Bearer (Deep Dwarf Fighter)    Turns: 2709, Time: 00:10:23

Health: -3/50      AC:  8    Str: 20    XL:     5   Next: 54%
Magic:  4/4        EV:  7    Int:  9    God:
Gold:   175        SH: 13    Dex: 12    Spells: 4/4 levels left

rFire    . . .     SeeInvis .   w - +0 flail
rCold    . . .     Gourm    .   c - +0 shield
rNeg     . . .     Faith    .   b - +0 scale mail
rPois    .         Spirit   .   (no helmet)
rElec    .         Reflect  +   (no cloak)
rCorr    .         Harm     .   k - +0 pair of gloves
MR       .....                  (no boots)
Stlth    +.........             z - +3 amulet of reflection
HPRegen  0.00/turn              e - ring of stealth
MPRegen  0.09/turn              (no ring)

@: non-regenerating
A: damage resistance, heal wounds, sense surroundings 1, no regeneration
a: Heal Wounds


You were on level 4 of the Dungeon.
You were not hungry.

You visited 1 branch of the dungeon, and saw 4 of its levels.

You collected 175 gold pieces.

Inventory:

Hand Weapons
 q - a +0 hunting sling
 v - a +0 morningstar
 w - a +0 flail (weapon)
Missiles
 a - 220 stones
 h - 10 tomahawks (quivered)
 i - 13 sling bullets
Armour
 b - a +0 scale mail (worn)
 c - a +0 shield (worn)
 k - a +0 pair of gloves (worn)
Jewellery
 e - a ring of stealth (left hand)
 z - a +3 amulet of reflection (around neck)
Scrolls
 g - 4 scrolls of identify {unknown}
 m - a scroll of magic mapping {unknown}
 r - a scroll of fear {unknown}
 s - a scroll of remove curse {unknown}
 t - a scroll of enchant armour {unknown}
 y - a scroll of teleportation {unknown}
 A - a scroll of immolation {unknown}
 C - 2 scrolls of blinking {unknown}
Potions
 d - a potion of might
 j - a potion of brilliance {unknown}
 l - 2 potions of haste {unknown}
 n - a potion of mutation {unknown}
 o - a potion of resistance {unknown}
 p - 2 potions of degeneration {unknown}
 u - a potion of curing {unknown}
 x - 2 potions of berserk rage {unknown}
 D - a potion of heal wounds {unknown}
Comestibles
 f - 6 rations
 B - 2 chunks of flesh


   Skills:
 + Level 3.9 Fighting
 + Level 3.7 Maces & Flails
 - Level 3.2 Armour
 + Level 4.8 Shields


You had 4 spell levels left.
You didn't know any spells.
Your spell library was empty.

Dungeon Overview and Level Annotations

Branches:
Dungeon (4/15)
 Temple: D:4-7

Altars:
Fedhas
Gozag
Hepliaklqana
Okawaru
Qazlal
Yredelemnul

Annotations:
D:4 Menkaure


Innate Abilities, Weirdness & Mutations

You are resistant to damage.
You can heal yourself by infusing magical energy.
You passively map a small area around you.
You do not regenerate.


Message History

Menkaure is lightly damaged.
You block Menkaure's attack.
You thump Menkaure!
Menkaure is heavily damaged.
Menkaure gestures wildly while chanting.
Menkaure seems to speed up.
You hit Menkaure but do no damage.
Menkaure is heavily damaged.
You block Menkaure's attack. Menkaure hits you!!
You hit Menkaure but do no damage.
Menkaure is heavily damaged.
Menkaure hits you!
* * * LOW HITPOINT WARNING * * *
You hit Menkaure but do no damage.
Menkaure is heavily damaged.
You block Menkaure's attack. Menkaure closely misses you.
You hit Menkaure but do no damage.
Menkaure is heavily damaged.
Menkaure hits you!
You die...

...........# #.#
####<..###.# #.#
#.##...... #.# *
#.# ...... #.# * ,
..# ......, * #.#
, #### ......, #.#
*....... ##.#
........##..#####*
, ......M@........
#.######.####### ,
#.# * , #.# * *
#.# * ** ..# * ,,
### , , ,


You could see Menkaure.

Vanquished Creatures
  A hound (D:2)
  An iguana (D:4)
  3 gnolls
  6 adders
  2 worms (D:2)
  2 dart slugs
  4 leopard geckos
  2 orcs (D:3)
  2 ball pythons (D:3)
  7 bats
  4 giant cockroaches
  4 goblins
  7 hobgoblins
  3 jackals (D:2)
  A quokka (D:3)
  3 frilled lizards
  4 kobolds
  2 rats (D:2)
58 creatures vanquished.

Notes
Turn   | Place    | Note
-------+----------+-------------------------------------------
     0 | D:1      | Tiagovsky the Deep Dwarf Fighter began the quest for the
                  | Orb.
     0 | D:1      | Reached XP level 1. HP: 20/20 MP: 1/1
   328 | D:1      | Reached XP level 2. HP: 20/27 MP: 2/2
   875 | D:2      | Reached XP level 3. HP: 32/34 MP: 2/2
  1038 | D:2      | Reached skill level 4 in Shields
  1253 | D:2      | Reached XP level 4. HP: 42/42 MP: 3/3
  1740 | D:2      | Reached XP level 5. HP: 34/50 MP: 4/4
  2119 | D:3      | Found a basalt altar of Yredelemnul.
  2120 | D:3      | Found a hazy altar of Hepliaklqana.
  2209 | D:3      | Found a faded altar of an unknown god.
  2462 | D:3      | Found an iron altar of Okawaru.
  2463 | D:3      | Found a stormy altar of Qazlal.
  2463 | D:3      | Found a blossoming altar of Fedhas.
  2464 | D:3      | Found an opulent altar of Gozag.
  2701 | D:4      | Noticed Menkaure
  2709 | D:4      | Slain by Menkaure

Skill      XL: |  1  2  3  4 |
---------------+-------------+-----
Fighting       | 3 |  3.9
Shields        | 4 |  4.8
Maces & Flails | 3 |  3.7
Armour         | |  3.2

Action                   |  1- 3 |  4- 6 || total
-------------------------+-------+-------++-------
Melee: Flail             |   124 |   115 ||   239
 Fire: Hunting sling     |    26 |    12 ||    38
Throw: Tomahawk          |       |     3 ||     3
 Abil: Heal Wounds       |     2 |     1 ||     3
  Eat: Chunk             |     1 |     5 ||     6
Armor: Scale mail        |    83 |    60 ||   143
Dodge: Dodged            |    61 |    46 ||   107
Block: Shield            |    84 |    89 ||   173
       Reflection        |       |     2 ||     2
